 Dungeon Crawl Stone Soup version 0.27.1-33-g824d729ab1 (webtiles) character file.

Game seed: 8875033416647054438

105 garbled the Chopper (level 4, -11/39 (41) HPs)
             Began as a Hill Orc Monk on Dec 8, 2021.
             Mangled by an ogre (13 damage)
             ... on level 3 of the Dungeon.
             The game lasted 00:04:01 (2720 turns).

garbled the Chopper (Hill Orc Monk)                 Turns: 2720, Time: 00:04:02

HP:   -11/39 (41)   AC:  6    Str: 20    XL:     4   Next: 83%
MP:   4/4           EV: 10    Int: 10    God:
Gold: 138           SH:  0    Dex: 13    Spells: 3/3 levels left

rFire    . . .     SeeInvis .   a - +0 hand axe
rCold    . . .     Faith    .   (no shield)
rNeg     . . .     Spirit   .   c - +0 scale mail
rPois    .         Reflect  .   (no helmet)
rElec    .         Harm     .   (no cloak)
rCorr    .         Rampage  .   (no gloves)
Will     +....                  (no boots)
Stlth    ..........             (no amulet)
HPRegen  0.13/turn              d - +6 ring of strength
MPRegen  0.09/turn              e - ring of willpower

@: lightly drained
A: no striking features
a: no special abilities


You were on level 3 of the Dungeon.
You visited 1 branch of the dungeon, and saw 3 of its levels.

You collected 138 gold pieces.

Inventory:

Hand Weapons
 a - a +0 hand axe (weapon)
Armour
 b - a +0 robe
 c - a +0 scale mail (worn)
Jewellery
 d - a +6 ring of strength (left hand)
 e - a ring of willpower (right hand)
Scrolls
 g - a scroll of identify {unknown}
 h - a scroll of summoning {unknown}
Potions
 f - a potion of degeneration {unknown}
 i - 2 potions of heal wounds {unknown}
 j - a potion of flight {unknown}


   Skills:
 + Level 4.4 Fighting
 * Level 5.8 Axes
 + Level 2.0 Armour
 - Level 2.4 Dodging
 - Level 1.5 Stealth


You had 3 spell levels left.
You didn't know any spells.
Your spell library contained the following spells:

 Spells                   Type           Power      Damage    Failure   Level
 Apportation              Tloc           0%         N/A       73%         1
 Summon Small Mammal      Summ           0%         N/A       73%         1
 Call Canine Familiar     Summ           0%         N/A       97%         3
 Ignite Poison            Fire/Tmut/Pois 0%         N/A       97%         3
 Mephitic Cloud           Conj/Pois/Air  0%         N/A       97%         3
 Summon Guardian Golem    Hex/Summ       0%         N/A       97%         3
 Alistair's Intoxication  Tmut/Pois      0%         N/A       100%        5
 Bolt of Magma            Conj/Fire/Erth 0%         4d4       100%        5
 Invisibility             Hex            0%         N/A       100%        6


Dungeon Overview and Level Annotations

Branches:
Dungeon (3/15)

Altars:

Shops:
D:1 =


Message History

You miss the frilled lizard.
The frilled lizard bites you but does no damage.
You barely miss the frilled lizard.
The frilled lizard bites you but does no damage.
You hit the frilled lizard.
You kill the frilled lizard!
No target in view!
No target in view!
You see here a frilled lizard corpse.
Found a stone staircase leading down.
Found 13 stones.
You see here 13 stones.
You see here 13 stones.
There is a stone staircase leading down here.
As you open the door, it creaks loudly!
A giant cockroach and an ogre come into view.
The ogre shouts!
The giant cockroach waves its antennae.
Found 16 poisoned darts.
There are monsters nearby!
There is an open door here.
You barely miss the ogre. The ogre barely misses you.
You barely miss the ogre. The ogre barely misses you.
You hit the ogre but do no damage. You completely miss the ogre.
The ogre hits you with a +0 giant club!!
Ouch! That really hurt!
You hit the ogre but do no damage. The ogre misses you.
You hit the ogre.
The ogre is lightly wounded.
The ogre closely misses you.
You hit the ogre.
The ogre is moderately wounded.
The ogre hits you with a +0 giant club!
* * * LOW HITPOINT WARNING * * *
You hit the ogre.
The ogre is heavily wounded.
Unknown command.
The ogre hits you with a +0 giant club!
You die...

####'####..# #...........
#.#...#.##.# #...........
..'...'..#.# #.(.........
#.#...#.##.# #...........
####'####..# #...........
..#...#...## #'#
#.##)##.##########B## ######### #
#..#'#..#........O>.# #.......# #
##.....##.......@...###.#####.# #
.....####...........(......##.###
.###.# #...........###.##.##....
.#<..# #...............##.######
.########...........######.......
.#.............##...#### ########
.#.##########..........# .#.#
##.....###.# ##.# #..........#


You could see an ogre and a giant cockroach.

Vanquished Creatures
  4 adders (D:2)
  A worm (D:2)
  A dart slug (D:2)
  2 ball pythons (D:1)
  A bat (D:2)
  8 endoplasms
  3 giant cockroaches
  11 goblins
  7 hobgoblins
  2 jackals (D:1)
  3 quokkas
  6 frilled lizards
  2 kobolds
  9 rats
60 creatures vanquished.

Notes
Turn   | Place    | Note
-------+----------+-------------------------------------------
     0 | D:1      | garbled the Hill Orc Monk began the quest for the Orb.
     0 | D:1      | Reached XP level 1. HP: 19/19 MP: 1/1
   310 | D:1      | Reached XP level 2. HP: 22/27 MP: 2/2
   464 | D:1      | Reached skill level 1 in Armour
   784 | D:1      | Reached XP level 3. HP: 30/33 MP: 3/3
   953 | D:1      | Reached skill level 5 in Axes
   968 | D:1      | Found Boum's Jewellery Emporium.
  1805 | D:2      | Reached XP level 4. HP: 18/40 MP: 4/4
  2706 | D:3      | Noticed an ogre
  2720 | D:3      | Mangled by an ogre

Illustrated notes

Levels and vault maps discovered:
D:1:      sevenhm_arrival_forest_fort_large_1, layout_basic, serial_shops,
          nicolae_shop_window_shopping
D:2:      layout_basic, chequers_serial_rivers_room_a
D:3:      cheibrodos_greedy_goblins, layout_basic,
          shapermc_ecumenical_altar_acropolis

Skill      XL: |  1  2  3  4 |
---------------+-------------+-----
Armour         | 1 2 |  2.0
Fighting       | 4 |  4.4
Axes           | 5 |  5.8
Dodging        | |  2.4
Stealth        | |  1.5

Action                   |  1- 3 |  4- 6 || total
-------------------------+-------+-------++-------
Melee: Hand axe          |   124 |    86 ||   210
  Use: Scroll            |     3 |       ||     3
Armor: Scale mail        |    40 |    27 ||    67
Dodge: Dodged            |    57 |    38 ||    95
